 Dungeon Crawl Stone Soup version 0.30-a0-637-gacddeb6d44 (webtiles) character file.

Game seed: 195039343245700807

15 Leeroy the Ducker (level 2, 0/16 HPs)
             Began as a Deep Elf Warper on Jan 15, 2023.
             Slain by a jackal (1 damage)
             ... on level 1 of the Dungeon.
             The game lasted 00:01:08 (312 turns).

Leeroy the Ducker (Deep Elf Warper)                  Turns: 312, Time: 00:01:09

Health: 0/16       AC:  3    Str:  8    XL:     2   Next: 34%
Magic:  8/8        EV: 12    Int: 17    God:
Gold:   0          SH:  0    Dex: 14    Spells: 7/7 levels left

rFire   . . .      SeeInvis .    a - +0 falchion
rCold   . . .      Faith    .    (no shield)
rNeg    . . .      Spirit   .    b - +0 leather armour
rPois   .          Reflect  .    (no helmet)
rElec   .          Harm     .    (no cloak)
rCorr   .          Rampage  .    (no gloves)
Will    .....                    (no boots)
Stlth   +                        (no amulet)
HPRegen 0.22/turn                (no ring)
MPRegen 0.11/turn                (no ring)

@: no status effects
A: no striking features
a: no special abilities


You were on level 1 of the Dungeon.
You visited 1 branch of the dungeon, and saw 1 of its levels.

Inventory:

Hand Weapons
 a - a +0 falchion (weapon)
Missiles
 d - 7 boomerangs of dispersal (quivered)
Armour
 b - a +0 leather armour (worn)
Scrolls
 c - a scroll of blinking
 e - a scroll of identify {unknown}


   Skills:
 - Level 1.5 Fighting
 - Level 1.7 Long Blades
 - Level 1.0 Throwing
 - Level 0.7 Armour
 + Level 3.7 Dodging
 - Level 3.0 Spellcasting
 - Level 3.2 Translocations


You had 7 spell levels left.
You didn't know any spells.
Your spell library contained the following spells:

 Spells                   Type           Power      Damage    Failure   Level
 Blink                    Tloc           26%        N/A       10%         2
 Lesser Beckoning         Tloc           26%        N/A       19%         3
 Teleport Other           Tloc           13%        N/A       19%         3
 Vhi's Electric Charge    Tloc/Air       16%        N/A       36%         3
 Manifold Assault         Tloc           13%        N/A       54%         4


Dungeon Overview and Level Annotations

Branches:
Dungeon (1/15)

Altars:


Message History

You closely miss the jackal.
The jackal is almost dead.
The jackal bites you but does no damage.
The jackal closely misses you. The jackal barely misses you.
The jackal bites you. The rat bites you but does no damage.
You hit the jackal.
You kill the jackal!
The jackal barely misses you. The jackal misses you.
The rat bites you but does no damage.
The jackal bites you but does no damage.
The jackal bites you.
* * * LOW HITPOINT WARNING * * *
The jackal bites you but does no damage.
The jackal bites you.
* * * LOW HITPOINT WARNING * * *
You barely miss the rat. The rat bites you but does no damage.
You hit the rat.
You kill the rat!
You closely miss the jackal.
The jackal is moderately wounded.
The jackal barely misses you.
You hit the jackal.
The jackal is almost dead.
The jackal closely misses you. x2
You barely miss the jackal.
The jackal is almost dead.
The jackal bites you.
* * * LOW HITPOINT WARNING * * *
You slash the jackal!
You kill the jackal!
The jackal bites you.
* * * LOW HITPOINT WARNING * * *
You hit the jackal.
The jackal is severely wounded.
The jackal bites you.
* * * LOW HITPOINT WARNING * * *
You hit the jackal but do no damage.
The jackal is severely wounded.
The jackal bites you.
You die...

...#######.##
.# ###..#..##.
#..........
#.#.#.#.#..
#.#.#.# #
#.#.#.#
#####.#†#.#
........#.#
#.#.#.#@#.#
#.#h#†#.#..#
#..h.......#
#.........##.#
#####.........
###.####.# .#
# .. ###


You could see 2 jackals.

Vanquished Creatures
  2 endoplasms (D:1)
  2 giant cockroaches (D:1)
  A hobgoblin (D:1)
  2 jackals (D:1)
  3 quokkas (D:1)
  A bat (D:1)
  A rat (D:1)
12 creatures vanquished.

Notes
Turn   | Place    | Note
-------+----------+-------------------------------------------
     0 | D:1      | Leeroy the Deep Elf Warper began the quest for the Orb.
     0 | D:1      | Reached XP level 1. HP: 12/12 MP: 6/6
   171 | D:1      | Reached XP level 2. HP: 6/16 MP: 8/8
   312 | D:1      | Slain by a jackal

Illustrated notes

Levels and vault maps discovered:
D:1:      lemuel_arrival_hallway, layout_loops_ring

Skill      XL: |  1 |
---------------+----+-----
Dodging        | 3 |  3.7
Fighting       | |  1.5
Long Blades    | |  1.7
Throwing       | |  1.0
Armour         | |  0.7
Spellcasting   | |  3.0
Translocations | |  3.2

Action                   || total
-------------------------++-------
Melee: Falchion          ||    43
Armor: Leather armour    ||    14
Dodge: Dodged            ||    37

Table legend: (Time is in decaauts)
 A = Elapsed time spent in this place.
 B = Non-inter-level travel time spent in this place.
 C = Inter-level travel time spent in this place.
 D = Time resting spent in this place.
 E = Time spent auto-exploring this place.
 F = Levels seen in this place.
 G = Mean time per level.
                   A        B        C        D        E       F      G
               +--------+--------+--------+--------+--------+-----+--------+
         Total |    321 |    321 |      0 |      0 |    235 |   1 |  321.0 |
       Dungeon |    321 |    321 |      0 |      0 |    235 |   1 |  321.0 |
               +--------+--------+--------+--------+--------+-----+--------+

Top non-repeatable levels by time:
     D:1: 321 daAuts
